 Dungeon Crawl Stone Soup version 0.30-a0-159-g068b764562 (webtiles) character file.

Game seed: 11844000761030854666

18 ytrimaz the Insei (level 2, -2/18 HPs)
             Began as an Octopode Transmuter on Sept 27, 2022.
             Slain by a quokka (5 damage)
             ... on level 1 of the Dungeon.
             The game lasted 00:00:41 (564 turns).

ytrimaz the Insei (Octopode Transmuter)              Turns: 564, Time: 00:00:42

Health: -2/18      AC:  1    Str: 15    XL:     2   Next: 70%
Magic:  5/5        EV: 13    Int: 15    God:
Gold:   41         SH:  0    Dex: 12    Spells: 4/5 levels left

rFire   . . .      SeeInvis .      - Unarmed
rCold   . . .      Faith    .    (no shield)
rNeg    . . .      Spirit   .    (helmet restricted)
rPois   .          Reflect  .    (no amulet)
rElec   .          Harm     .    d - +6 ring of strength
rCorr   .          Rampage  .    (no ring)
Will    .....                    (no ring)
Stlth   ++........               (no ring)
HPRegen 0.06/turn                (no ring)
MPRegen 0.09/turn                (no ring)
                                 (no ring)
                                 (no ring)

@: no status effects
A: almost no armour, amphibious, 8 rings, camouflage 1, gelatinous body 1,
(nimble swimmer 1), tentacles
a: no special abilities


You were on level 1 of the Dungeon.
You visited 1 branch of the dungeon, and saw 1 of its levels.

You collected 41 gold pieces.


Innate Abilities, Weirdness & Mutations

You cannot wear most types of armour.
You are amphibious.
You can wear up to eight rings at the same time.
Your skin changes colour to match your surroundings (Stealth+).
Your rubbery body absorbs attacks. (AC +1, EV +1)
((You are camouflaged when in or above water. (Stealth+)))
You have tentacles for arms and can constrict up to eight enemies at once.


   Skills:
 - Level 1.0 Fighting
 - Level 2.0 Dodging
 - Level 3.0 Unarmed Combat
 - Level 2.0 Spellcasting
 - Level 2.0 Transmutations
 + Level 1.1 Ice Magic
 * Level 2.2 Poison Magic


You had 4 spell levels left.
You knew the following spells:

 Your Spells              Type           Power      Damage    Failure   Level
a - Beastly Appendage     Tmut           14%        N/A       10%         1

Your spell library contained the following spells:

 Spells                   Type           Power      Damage    Failure   Level
 Wereblood                Tmut           7%         N/A       14%         2
 Spider Form              Tmut/Pois      7%         N/A       28%         3
 Ice Form                 Ice/Tmut       6%         N/A       75%         4

Inventory:

Jewellery
 d - a +6 ring of strength (left tentacle)
   (You found it on level 1 of the Dungeon)
Potions
 a - a potion of lignification
 b - 2 potions of flight {unknown}
 c - a potion of invisibility {unknown}

Dungeon Overview and Level Annotations

Branches:
Dungeon (1/15) Zot: 5437

Altars:

#.........# .
#.........#
..##.........#
..............# ..
#.........# .
#.$.†.....#
#####.#....?....#
...#.#...†.$...#
#........@....#
#####..##.....r...#
.....[....#####.###
#####..|....# .#
##......# .#
#########......# .#
...........#####
######.......##
.#####..........#


You could see a quokka.


Message History

😎 MP[+1]
Your mp is fully restored (5).
Unknown command.
A ball python is nearby!
A ball python is nearby!
Unknown command.
A rat comes into view.
The ball python hisses angrily.
One of your tentacles grows a vicious spike. 😎 MP[-1]
You lost 1 mp, and now have 4/5 mp.
The ball python barely misses you. The ball python grabs you.
The ball python constricts you. The ball python bites you.
The ball python constricts you. 😕 HP[-3]
You take 3 damage, and now have 15/18 hp.
You completely miss the ball python. You grab the ball python.
You squeeze the ball python.
You kill the ball python! 😕 HP[+1]
A dart slug comes into view.
Unknown command.
You tentacle-slap the rat but do no damage.
You grab the rat. You constrict the rat. The rat bites you but does no damage.
You release your grip on the rat.
A rat comes into view.
The rat bites you. 😕 HP[-1]
You take 1 damage, and now have 15/18 hp.
You closely miss the rat. You grab the rat.
Your tentacle spike misses the rat.
You squeeze the rat.
You kill the rat!
Your Poison Magic skill increases to level 2!
Unknown command.
Unknown command.
Your transformation is almost over.
The dart slug launches a dart at you. The slug dart misses you.
You closely miss the rat. You grab the rat. You squeeze the rat.
You kill the rat!
Your Ice Magic skill increases to level 1! 😕 MP[+1]
Your mp is fully restored (5).
Unknown command.
A quokka comes into view.
The dart slug launches a dart at you. The slug dart hits you.
* * * LOW HITPOINT WARNING * * *
😨 HP[-6]
You take 6 damage, and now have 9/18 hp.
MASSIVE DAMAGE!! (PAUSE)
You are too injured to fight recklessly!
You tentacle-slap the dart slug. You grab the dart slug.
You constrict the dart slug. The dart slug bites you.
* * * LOW HITPOINT WARNING * * *
😨 HP[-2]
You take 2 damage, and now have 7/18 hp.
Unknown command.
You tentacle-slap the dart slug.
You kill the dart slug!
You see here a dart slug corpse.
Unknown command.
The quokka bites you.
* * * LOW HITPOINT WARNING * * *
You are too injured to fight recklessly! 😨 HP[-2]
You take 2 damage, and now have 5/18 hp.
You tentacle-slap the quokka but do no damage.
Your grab misses the quokka. The quokka bites you.
* * * LOW HITPOINT WARNING * * *
You are too injured to fight recklessly! 😱 HP[-1]
You take 1 damage, and now have 4/18 hp.
Unknown command.
You barely miss the quokka. Your grab misses the quokka.
You squeeze the quokka.
You kill the quokka!
You are too injured to fight recklessly!
Unknown command.
A quokka comes into view.
Your tentacle spike disappears.
You see here a quokka corpse. 😨 HP[+1]
A quokka is nearby!
Unknown command.
A quokka is nearby!
Unknown command.
You see here a scroll labelled BAES UCSIVI.
A quokka is nearby!
The quokka twitches its whiskers.
You closely miss the quokka. Your grab misses the quokka. The quokka bites you.
* * * LOW HITPOINT WARNING * * *
The quokka completely misses you.
Unknown command. 😱 HP[-2]
You take 2 damage, and now have 3/18 hp.
You barely miss the quokka. You grab the quokka. You constrict the quokka.
The quokka bites you.
You die...

Skill      XL: |  1  2 |
---------------+-------+-----
Poison Magic   | 1 2 |  2.2
Ice Magic      | 1 |  1.1
Fighting       | |  1.0
Dodging        | |  2.0
Unarmed Combat | |  3.0
Spellcasting   | |  2.0
Transmutations | |  2.0

Action                   || total
-------------------------++-------
Melee: Unarmed           ||    26
       Constrict         ||    13
       Kick              ||     6
       Tentacles         ||     7
 Cast: Beastly Appendage ||     5
Armor: Skin              ||     2
Dodge: Dodged            ||    11

Levels and vault maps discovered:
D:1:      minmay_arrival_stone_box, layout_rooms, minmay_indecisive_spiral

Notes
Turn   | Place    | Note
-------+----------+-------------------------------------------
     0 | D:1      | ytrimaz the Octopode Transmuter began the quest for the
                  | Orb.
     0 | D:1      | Reached XP level 1. HP: 13/13 MP: 3/3
     0 | D:1      | magus.rc [v1.9.6]
    29 | D:1      | Reached skill level 1 in Poison Magic
   269 | D:1      | Reached XP level 2. HP: 10/18 MP: 3/5
   547 | D:1      | Reached skill level 2 in Poison Magic
   551 | D:1      | Reached skill level 1 in Ice Magic
   556 | D:1      | HP: 4/18 [quokka (1)]
   563 | D:1      | HP: 3/18 [quokka (2)]
   564 | D:1      | Slain by a quokka

Vanquished Creatures
  A dart slug (D:1)
  2 ball pythons (D:1)
  An endoplasm (D:1)
  A goblin (D:1)
  2 hobgoblins (D:1)
  2 quokkas (D:1)
  3 bats (D:1)
  3 rats (D:1)
15 creatures vanquished.

Table legend:
 A = Non-vault XP
 B = Vault XP
 C = Vault XP percentage of total XP
 D = Non-vault monster count
 E = Vault monster count
 F = Vault count percentage of total count
                 A         B        C        D         E       F
            +---------+---------+-------+---------+---------+-------
      Total |      21 |       6 |  22.2 |      11 |       4 |  26.7
            +---------+---------+-------+---------+---------+-------
        D:1 |      21 |       6 |  22.2 |      11 |       4 |  26.7
            +---------+---------+-------+---------+---------+-------

Illustrated notes

Table legend:
 A = Kills in this place as a percentage of kills in entire the game.
 B = Kills by you in this place as a percentage of kills by you in the entire game.
 C = Kills by friends in this place as a percentage of kills by friends in the entire game.
 D = Other kills in this place as a percentage of other kills in the entire game.
 E = Experience gained in this place as a percentage of experience gained in the entire game.
 F = Experience gained in this place divided by the number of levels of this place that you have seen.
                   A       B       C       D       E      F
               +-------+-------+-------+-------+-------+----------------------
         Total | 100.0 | 100.0 |   N/A |   N/A | 100.0 |  27.0
       Dungeon | 100.0 | 100.0 |   N/A |   N/A | 100.0 |  27.0
               +-------+-------+-------+-------+-------+----------------------

Table legend: (Time is in decaauts)
 A = Elapsed time spent in this place.
 B = Non-inter-level travel time spent in this place.
 C = Inter-level travel time spent in this place.
 D = Time resting spent in this place.
 E = Time spent auto-exploring this place.
 F = Levels seen in this place.
 G = Mean time per level.
                   A        B        C        D        E       F      G
               +--------+--------+--------+--------+--------+-----+--------+
         Total |    561 |    561 |      0 |      0 |    475 |   1 |  561.0 |
       Dungeon |    561 |    561 |      0 |      0 |    475 |   1 |  561.0 |
               +--------+--------+--------+--------+--------+-----+--------+

Top non-repeatable levels by time:
     D:1: 561 daAuts
